Map: Mist Opportunities

Players

ZPR

  • Race: Zerg Zerg
  • League: Master
  • Spawn Location: 6:00

zpr

  • Race: Terran Terran
  • Spawn Location: 5:00

VOD

Have the link to the VOD?

Description

Time

  • Played on: Feb. 24, 2018, 6:22 a.m.
  • Length: 30:11
Show
View Real Time Build Order
Export as new Build Order

ZPR Zerg 

Build Orders:  

Get SALT Encoding   

  6  0:10  Drone x2  
  6  0:18  Drone x2  
  8  0:27  Drone x2  
  9  0:40  Extractor  
  9  0:41  Drone x2  
  9  0:48  Drone x2  
  10  1:11  Spawning Pool  
  10  1:16  Drone x2  
  11  1:36  Extractor  
  10  1:42  Swarmling x6  
  10  1:43  Baneling Nest  
  10  1:48  Overlord  
  13  1:56  Drone x2  
  14  2:13  Drone x4  
  16  2:47  Hatchery  
  17  2:50  Overlord  
  17  3:00  Drone x2  
  17  3:04  Drone x2  
  19  3:10  Drone x2  
  19  3:19  Drone x2  
  23  3:24  Drone x2  
  24  3:33  Drone x2  
  24  3:37  Drone x2  
  26  3:45  Evolution Chamber  
  28  3:50  Drone x2  
  28  3:52  Centrifical Hooks  
  28  3:56  Drone x2  
  30  4:13  Overlord  
  30  4:17  Drone x2  
  30  4:18  Drone x2, Extractor x2  
  33  4:31  Heroic Fortitude  
  33  4:32  Lair  
  33  4:43  Metabolic Boost  
  35  4:52  Drone x2  
  35  4:55  Overlord x2  
  38  5:33  Zerg Melee Weapons Level 1  
  38  5:35  Hive  
  38  5:42  Corrosive Acid, Scourge Nest  
  38  5:45  Hardened Carapace  
  38  5:49  Drone x2  
  40  6:18  Aberration  
  45  6:38  Hatchery  
  43  6:42  Aberration x2  
  43  6:43  Hatchery  
  43  6:48  Aberration  
  53  6:58  Overlord x2  
  53  7:05  Aberration  
  56  7:12  Simplified Genome  
  54  7:25  Rupture  
  54  7:26  Adrenal Overload  
  54  7:47  Aberration x2  
  62  7:54  Aberration  
  65  8:16  Zerg Melee Weapons Level 2  
  65  8:17  Virulent Spores  
  65  8:33  Aberration x2  
  68  8:49  Aberration x2  
  71  9:11  Aberration  
  71  9:12  Aberration  
  74  9:32  Aberration x3  
  74  9:37  Roach x6  
  74  9:38  Roach x14  
  83  9:48  Aberration  
  86  9:53  Overseer  
  86  9:55  Overlord  
  86  9:56  Overlord  
  86  10:00  Zerg Flyer Weapons Level 1  
  86  10:14  Overlord x2  
  88  10:33  Scourge x2  
  88  10:34  Scourge x12  
  88  10:35  Scourge x8  
  95  10:51  Shredding Claws  
  95  10:56  Pneumatized Carapace  
  80  11:13  Scourge x8  
  80  11:14  Scourge x6  
  88  11:31  Swarmling x12  
  88  11:32  Swarmling x9  
  88  11:39  Zerg Melee Weapons Level 3  
  94  12:14  Aberration x2  
  94  12:15  Aberration x2  
  95  12:20  Swarmling x15  
  94  12:51  Scourge x2  
  94  12:52  Scourge x14  
  84  13:31  Aberration  
  84  13:32  Aberration x3  
  84  13:35  Scourge x8  
  98  14:04  Scourge x2  
  98  14:05  Scourge x2  
  99  14:37  Aberration, Roach x2  
  99  14:38  Roach x14  
  99  14:39  Roach x4  
  99  14:40  Scourge x4  
  99  14:44  Scourge x8  
  99  14:45  Scourge x4  
  95  15:08  Scourge x2  
  95  15:09  Scourge x38  
  95  15:16  Scourge x8  
  91  15:27  Aberration x4  
  72  15:48  Aberration x3  
  73  16:06  Aberration x2  
  70  16:11  Swarmling x3  
  70  16:12  Swarmling x24  
  70  16:13  Swarmling x6  
  87  16:25  Swarmling x15  
  87  16:26  Swarmling x3  
  90  16:37  Scourge x2  
  90  16:38  Scourge x10  
  78  16:49  Aberration x3  
  89  16:57  Hatchery  
  89  16:59  Hatchery  
  72  17:12  Aberration x3  
  76  17:31  Swarmling x3  
  76  17:32  Swarmling x36  
  95  17:55  Scourge x8  
  95  17:56  Scourge x10  
  93  18:08  Scourge x2  
  93  18:09  Scourge x12  
  82  18:10  Scourge x4  
  78  18:20  Aberration  
  78  18:23  Scourge x2  
  78  18:24  Scourge x6  
  81  18:35  Scourge x2  
  81  18:36  Scourge x8  
  78  18:42  Scourge x6  
  78  18:45  Swarmling x12  
  78  18:46  Roach x10  
  78  18:47  Roach x10  
  84  19:01  Scourge x6  
  84  19:02  Scourge x10  
  84  19:09  Scourge x6  
  82  19:23  Scourge x2  
  82  19:24  Scourge x10  
  82  19:25  Scourge x2  
  81  19:33  Overseer  
  81  19:35  Overseer  
  37  20:31  Aberration  
  37  20:32  Aberration x5  
  37  20:36  Swarmling x3  
  37  20:37  Swarmling x48  
  37  20:38  Swarmling x3  
  78  20:45  Swarmling x9  
  69  21:04  Scourge x4  
  69  21:05  Scourge x28  
  58  21:55  Aberration x5  
  73  22:18  Aberration  
  73  22:19  Aberration  
  81  22:32  Swarmling x3  
  81  22:33  Swarmling x9  
  89  23:14  Aberration x2  
  98  23:20  Swarmling x3  
  99  24:50  Roach x4  
  99  24:51  Roach x12  
  99  24:52  Roach x4  
  90  26:56  Swarmling x12  
  90  26:57  Swarmling x9  
  95  27:38  Swarmling x3  
  98  27:51  Roach x4  
  98  27:52  Roach x14  
  98  27:53  Roach x2  
  95  28:00  Swarmling x9  
  90  28:38  Swarmling x18  
  77  28:53  Swarmling x3  
  77  28:54  Swarmling x48  
  77  28:55  Swarmling x3  
  90  29:12  Scourge x2  
  90  29:13  Scourge x16  
  90  29:14  Scourge x16  
  95  29:27  Scourge x8  
  95  29:28  Scourge x2  
Show
View Real Time Build Order
Export as new Build Order

zpr Terran 

Build Orders:  

Get SALT Encoding   

Tags
 
Add a new tag
Caveats
  • Supply blocks, unpowered buildings, or Contaminate may cause inaccurate times.
  • Supply counts are checked every 10 seconds.